 Dungeon Sprint DCSS version 0.20-a0-1020-g7b9e4fe (webtiles) character file.

15000000 Krakonus1 the Grand Master (level 27, -14/273 HPs)
             Began as a Centaur Gladiator on Apr 18, 2017.
             Was the Champion of Makhleb.
             Killed from afar by an observer (65 damage)
             ... with a bolt of fire
             ... in the Dungeon (Sprint VIII: "Arena of Blood").
             The game lasted 00:08:21 (150 turns).

Krakonus1 the Grand Master (Centaur Gladiator)       Turns: 150, Time: 00:08:21

Health: -14/273    AC: 10    Str: 20    XL:     27
Magic:  46/54      EV: 32    Int:  7    God:    Makhleb [******]
Gold:   0          SH:  0    Dex: 21    Spells: 80/80 levels left

rFire    . . .     SeeInvis +   k - +∞ Axe of Woe
rCold    . . .     Gourm    .   (shield currently unavailable)
rNeg     . . .     Faith    .   a - +0 leather armour
rPois    .         Spirit   .   b - +0 helmet
rElec    .         Reflect  .   (no cloak)
rCorr    .         Harm     .   (no gloves)
MR       ++...     NoTele   +   (no barding)
Stlth    +++++++++.             (no amulet)
Regen    0.6/turn               g - ring of see invisible
MPRegen  0.4/turn               (no ring)

@: lethally poisoned (-14 -> -14), exhausted, very slightly contaminated, slowed
A: hooves 3, deformed body, speed 2, tough skin 3
a: Minor Destruction, Lesser Servant of Makhleb, Major Destruction, Greater
Servant of Makhleb, Renounce Religion


You were in the Dungeon.
You worshipped Makhleb.
Makhleb was exalted by your worship.
You were not hungry.

You visited 1 branch

Inventory:

Hand Weapons
 k - the +∞ Axe of Woe (weapon)
   (You found it in the Dungeon)
Missiles
 c - 3 throwing nets (quivered)
Armour
 a - a +0 leather armour (worn)
 b - a +0 helmet (worn)
Jewellery
 g - a ring of see invisible (left hand)
 l - a +30 ring of slaying
Potions
 e - a potion of curing
 h - 2 potions of magic
Comestibles
 d - a bread ration


   Skills:
 O Level 27 Fighting
 O Level 27 Axes
 O Level 27 Throwing
 O Level 27 Armour
 O Level 27 Dodging
 O Level 27 Stealth
 O Level 27 Unarmed Combat
 O Level 27 Spellcasting
 O Level 27 Invocations


You had 80 spell levels left.
You didn't know any spells.

Dungeon Overview and Level Annotations

Branches:
Dungeon (1/1)

Altars:
Makhleb

Annotations:
D The Defiler


Innate Abilities, Weirdness & Mutations

You have hooves in place of feet.
Armour fits poorly on your strangely shaped body.
You cover ground very quickly.
You have extremely tough skin. (AC +3)


Message History

Your body is wracked with pain!
* * * LOW HITPOINT WARNING * * *
The destroyer blinks!
You hear a shout!
A tyrant comes into view.
You feel much better.
You feel sick. The fleshlord casts a spell at you.
You feel as though you will be slow longer.
The accursed gestures at you while chanting.
Something smites you!
* * * LOW HITPOINT WARNING * * *
You hear a shout! x2
The dread throws damnation at you.
The sphere of damnation explodes!
The damnation engulfs you!
* * * LOW HITPOINT WARNING * * *
You hear a shout! x2
The observer gazes at you.
The bolt of fire hits the fleshlord.
The fleshlord completely resists.
The bolt of fire hits you!
You die...

.... .. ... .. #.. ..# . #..
..# ...###... ..###. Vo
GL....X.§.###......
.....o#..XG.p%._VWML.W.
GOOo#oL.....#.@)..#.....
###z.........#_.<._#.....
#.X.o#o.o....#.p...#......#
....L.O#p..%.pW._§.........
.X..o.o§§...%%&###.........
...XxoOOOp###.)).2..###....
..X.SoGWp)).#.))....#......
.§...%GooW))p#))))...#......
O...#..o)§§)))...).))..§....


You could see The Meatlord, an accursed, a tyrant (wandering), a destroyer, an
observer (invisible), 3 fleshlords, 2 large abominations, a wretched soul
(invisible) and 2 dreads.

Vanquished Creatures
  A hell knight (D)
  13 hell beasts (D)
  4 greater mummies (D)
  5 great orbs of eyes (D)
  4 wraiths (D)
  Harold (D)
  11 vampire knights (D)
  36 ogres (D)
  5 two-headed ogres (D)
  7 liches (D)
  2 hydras (D)
  72 orcs (D)
  6 phantoms (D)
  4 skeletal warriors (D)
  6 sea snakes (D)
  3 large abominations (D)
  6 small abominations (D)
  16 crawling corpses (D)
202 creatures vanquished.

Vanquished Creatures (others)
  A two-headed ogre (D)
  5 orcs (D)
  6 crawling corpses (D)
12 creatures vanquished.

Grand Total: 214 creatures vanquished

Notes
Turn   | Place    | Note
-------+----------+-------------------------------------------
     0 | D        | Krakonus1 the Centaur Gladiator began the quest for the Orb.
     0 | D        | Reached XP level 1. HP: 17/17 MP: 1/1
     3 | D        | Noticed a bag of meat
     4 | D        | Killed a bag of meat
     4 | D        | Reached skill level 10 in Fighting
     4 | D        | Reached XP level 2. HP: 39/39 MP: 2/2
     4 | D        | Reached XP level 3. HP: 46/46 MP: 3/3
     4 | D        | Reached XP level 4. HP: 53/53 MP: 4/4
     4 | D        | Reached XP level 5. HP: 59/59 MP: 5/5
     4 | D        | Reached XP level 6. HP: 67/67 MP: 6/6
     4 | D        | Reached XP level 7. HP: 73/73 MP: 7/7
     4 | D        | Reached XP level 8. HP: 81/81 MP: 8/8
     4 | D        | Reached XP level 9. HP: 86/86 MP: 9/9
     4 | D        | Reached XP level 10. HP: 94/94 MP: 10/10
     4 | D        | Reached XP level 11. HP: 101/101 MP: 11/11
     5 | D        | Became a worshipper of Makhleb the Destroyer
     8 | D        | Noticed a bag of meat
     8 | D        | Noticed a bag of meat
     8 | D        | Noticed a bag of meat
    10 | D        | Noticed a meat berserker
    11 | D        | Killed a bag of meat
    11 | D        | Reached skill level 5 in Axes
    11 | D        | Reached skill level 15 in Dodging
    11 | D        | Reached XP level 12. HP: 113/113 MP: 12/12
    12 | D        | Noticed a bag of meat
    12 | D        | Noticed a bag of meat
    12 | D        | Noticed a bag of meat
    12 | D        | Noticed a bag of meat
    13 | D        | Noticed a bag of meat
    13 | D        | Noticed a bag of meat
    13 | D        | Noticed a bag of meat
    13 | D        | Noticed a bag of meat
    14 | D        | Noticed a meat berserker
    14 | D        | Noticed a bag of meat
    14 | D        | Noticed a bag of meat
    14 | D        | Noticed a bag of meat
    15 | D        | Noticed a meat berserker
    16 | D        | Killed a bag of meat
    16 | D        | Reached * piety under Makhleb
    16 | D        | Reached XP level 13. HP: 122/122 MP: 13/13
    17 | D        | Noticed a bag of meat
    17 | D        | Noticed a bag of meat
    17 | D        | Killed a meat berserker
    17 | D        | Reached skill level 15 in Fighting
    17 | D        | Reached skill level 15 in Throwing
    17 | D        | Reached skill level 1 in Armour
    17 | D        | Reached XP level 14. HP: 119/135 MP: 14/14
    17 | D        | Killed a bag of meat
    17 | D        | Reached XP level 15. HP: 127/144 MP: 15/15
    18 | D        | Reached ** piety under Makhleb
    18 | D        | Reached XP level 16. HP: 140/158 MP: 16/16
    18 | D        | Reached *** piety under Makhleb
    18 | D        | Reached skill level 15 in Axes
    18 | D        | Reached skill level 27 in Unarmed Combat
    19 | D        | Noticed a meat berserker
    19 | D        | Reached XP level 17. HP: 171/171 MP: 17/17
    19 | D        | Killed a meat berserker
    21 | D        | Reached **** piety under Makhleb
    21 | D        | Killed a meat berserker
    21 | D        | Reached skill level 5 in Armour
    21 | D        | Reached XP level 18. HP: 189/189 MP: 18/18
    21 | D        | Noticed a destroyer
    22 | D        | Noticed a meat berserker
    22 | D        | Killed a meat berserker
    23 | D        | Reached XP level 19. HP: 201/201 MP: 19/19
    23 | D        | Reached skill level 27 in Axes
    23 | D        | Reached skill level 27 in Dodging
    23 | D        | Reached ***** piety under Makhleb
    23 | D        | Reached skill level 27 in Fighting
    24 | D        | Killed a destroyer
    24 | D        | Reached skill level 27 in Throwing
    24 | D        | Reached XP level 20. HP: 216/216 MP: 20/20
    26 | D        | Noticed a meat berserker
    28 | D        | Noticed a meat berserker
    29 | D        | Noticed a meat berserker
    29 | D        | Noticed a destroyer
    30 | D        | Noticed a large bag of meat
    30 | D        | Noticed a large bag of meat
    31 | D        | Noticed a meat berserker
    31 | D        | Noticed The Servant
    32 | D        | Noticed a meat berserker
    33 | D        | Killed The Servant
    33 | D        | Reached skill level 27 in Armour
    34 | D        | Noticed a destroyer
    34 | D        | Killed a meat berserker
    34 | D        | Reached XP level 21. HP: 224/224 MP: 20/34
    36 | D        | Reached ****** piety under Makhleb
    36 | D        | Reached skill level 15 in Spellcasting
    36 | D        | Killed a destroyer
    36 | D        | Reached XP level 22. HP: 233/233 MP: 20/44
    43 | D        | Reached skill level 27 in Invocations
    43 | D        | Reached XP level 23. HP: 240/240 MP: 21/51
    51 | D        | Killed a destroyer
    56 | D        | Reached skill level 27 in Spellcasting
    57 | D        | Reached skill level 27 in Stealth
    57 | D        | Reached XP level 24. HP: 249/249 MP: 23/54
    69 | D        | Noticed a dread
    72 | D        | Noticed a meat beast
    72 | D        | Killed a dread
    72 | D        | Reached XP level 25. HP: 238/257 MP: 26/54
    73 | D        | Noticed a large bag of meat
    73 | D        | Noticed a meat beast
    74 | D        | Noticed a dread
    74 | D        | Noticed a large bag of meat
    75 | D        | Noticed an accursed
    76 | D        | Killed a meat beast
    76 | D        | Reached XP level 26. HP: 121/266 MP: 27/54
    76 | D        | Killed a dread
    77 | D        | Noticed a meat beast
    79 | D        | Noticed a dread
    79 | D        | Noticed a meat beast
    80 | D        | Noticed a dread
    81 | D        | Noticed a destroyer
    81 | D        | Killed a large bag of meat
    81 | D        | Reached XP level 27. HP: 273/273 MP: 28/54
    82 | D        | Killed a meat beast
    83 | D        | Noticed a tyrant
    83 | D        | Killed a large bag of meat
    83 | D        | Killed a large bag of meat
    85 | D        | Noticed a destroyer
    85 | D        | Killed an accursed
    86 | D        | Noticed a meat beast
    86 | D        | Killed a meat beast
    87 | D        | Noticed a meat beast
    87 | D        | Noticed a meat beast
    88 | D        | Noticed a meat beast
    89 | D        | Killed a dread
    90 | D        | Killed a meat beast
    91 | D        | Killed a meat beast
    92 | D        | Killed a meat beast
    92 | D        | Killed a meat beast
    93 | D        | Killed a meat beast
    94 | D        | Noticed a meat beast
    97 | D        | Noticed an accursed
    97 | D        | Killed a destroyer
    98 | D        | Killed a tyrant
    99 | D        | Killed a meat beast
   100 | D        | Noticed a tyrant
   100 | D        | Killed a dread
   100 | D        | Killed an accursed
   101 | D        | Noticed a destroyer
   102 | D        | Killed a destroyer
   103 | D        | Noticed an accursed
   104 | D        | Noticed a meat beast
   106 | D        | Killed a tyrant
   108 | D        | Killed a meat beast
   109 | D        | Noticed a destroyer
   110 | D        | Noticed a tyrant
   111 | D        | Killed a destroyer
   112 | D        | Noticed a destroyer
   112 | D        | Noticed a tyrant
   114 | D        | Noticed a destroyer
   115 | D        | Killed a destroyer
   115 | D        | Killed a destroyer
   116 | D        | Noticed a large bag of meat
   117 | D        | Noticed a meat beast
   118 | D        | Noticed a meat beast
   120 | D        | Killed a destroyer
   121 | D        | Noticed a tyrant
   121 | D        | Killed a meat beast
   121 | D        | Killed a meat beast
   122 | D        | Noticed a destroyer
   122 | D        | Noticed a destroyer
   123 | D        | Noticed an accursed
   123 | D        | Noticed a tyrant
   125 | D        | Noticed a tyrant
   125 | D        | Killed an accursed
   126 | D        | Killed a tyrant
   129 | D        | Killed a tyrant
   130 | D        | Killed a tyrant
   132 | D        | Noticed a fleshlord
   134 | D        | Noticed a fleshlord
   135 | D        | Noticed a fleshlord
   136 | D        | Noticed a large bag of meat
   136 | D        | Killed a large bag of meat
   136 | D        | Killed a destroyer
   137 | D        | Noticed a large bag of meat
   137 | D        | Noticed a fleshlord
   139 | D        | Killed an accursed
   140 | D        | Noticed a tyrant
   140 | D        | Noticed a dread
   141 | D        | Killed a tyrant
   142 | D        | Noticed a fleshlord
   142 | D        | Noticed a large bag of meat
   142 | D        | Noticed a tyrant
   142 | D        | Noticed a meat beast
   143 | D        | Killed a tyrant
   144 | D        | Noticed a fleshlord
   145 | D        | Noticed The Defiler
   145 | D        | Noticed a tyrant
   145 | D        | Killed a fleshlord
   145 | D        | Killed a destroyer
   145 | D        | Killed a large bag of meat
   146 | D        | Killed a meat beast
   147 | D        | Noticed a destroyer
   147 | D        | Noticed an accursed
   147 | D        | Noticed a destroyer
   147 | D        | Noticed a fleshlord
   149 | D        | Noticed a dread
   149 | D        | Noticed a dread
   149 | D        | Killed a large bag of meat
   150 | D        | Noticed a tyrant
   150 | D        | Killed from afar by an observer

Vault maps used:
D:        meatsprint

Skill      XL: |  1  2  3  4  5  6  7  8  9 10 11 12 13 14 15 16 17 18 19 20 21 22 23 |
---------------+----------------------------------------------------------------------+-----
Fighting       | 10 12 13 15 16 18 20 23 25 27 | 27.0
Axes           | 3 5 7 9 11 14 18 23 26 27 | 27.0
Throwing       | 11 12 13 15 17 19 21 22 27 | 27.0
Dodging        | 13 15 17 18 19 21 23 25 26 27 | 27.0
Unarmed Combat | 17 19 21 23 24 26 27 | 27.0
Armour         | 1 2 4 5 6 19 27 | 27.0
Stealth        | 8 17 22 27 | 27.0
Spellcasting   | 9 18 24 27 | 27.0
Invocations    | 13 24 27 | 27.0

Action                   |  1- 3 |  4- 6 |  7- 9 | 10-12 | 13-15 | 16-18 | 19-21 | 22-24 | 25-27 || total
-------------------------+-------+-------+-------+-------+-------+-------+-------+-------+-------++-------
Melee: Executioner's axe |     1 |       |       |     2 |     2 |     4 |     5 |    11 |    54 ||    79
  Use: Potion            |       |       |       |     1 |       |       |       |       |     2 ||     3
       Scroll            |       |       |       |       |       |       |       |       |     1 ||     1
Armor: Leather armour    |       |       |       |       |       |       |       |       |     7 ||     7
Dodge: Dodged            |     1 |       |       |       |       |       |       |     1 |    27 ||    29
